 Dungeon Crawl Stone Soup version 0.23.2-40-g277498a001 (webtiles) character file.

Game seed: 1125939308430053665

77 Curus the Insei (level 4, 0/32 HPs)
             Began as a Merfolk Transmuter on Sept 24, 2019.
             Succumbed to an adder's poison
             ... on level 2 of the Dungeon.
             The game lasted 00:07:04 (964 turns).

Curus the Insei (Merfolk Transmuter)                 Turns: 964, Time: 00:07:05

Health: 0/32       AC:  2    Str: 10    XL:     4   Next: 33%
Magic:  4/7        EV: 13    Int: 13    God:
Gold:   113        SH:  0    Dex: 14    Spells: 3/7 levels left

rFire    + . .     SeeInvis .     - Unarmed
rCold    + . .     Gourm    .   (no shield)
rNeg     . . .     Faith    .   b - +0 robe
rPois    +         Spirit   .   (no helmet)
rElec    +         Reflect  .   (no cloak)
rCorr    +         Harm     .   (no gloves)
MR       .....                  (no boots)
Stlth    +.........             (no amulet)
HPRegen  0.10/turn              (no ring)
MPRegen  0.10/turn              (no ring)

@: lethally poisoned (0 -> -13), appendage, resistant, very slightly
contaminated
A: change form in water, swift swim, stealthy swim, horns 2
a: End Transformation


You were on level 2 of the Dungeon.
You were not hungry.
You had grown temporary horns.
You visited 1 branch of the dungeon, and saw 2 of its levels.

You collected 113 gold pieces.

Inventory:

Missiles
 a - 37 arrows
Armour
 b - a +0 robe (worn)
Jewellery
 f - an uncursed ring of ice
Scrolls
 g - a scroll of remove curse
 i - a scroll of teleportation
Potions
 c - a potion of mutation
Comestibles
 d - a ration
 j - a chunk of flesh


   Skills:
 - Level 1.1 Fighting
 - Level 2.6 Dodging
 - Level 4.6 Unarmed Combat
 - Level 2.0 Spellcasting
 + Level 3.7 Transmutations
 + Level 1.8 Poison Magic


You had 3 spell levels left.
You knew the following spells:

 Your Spells              Type           Power        Failure   Level  Hunger
a - Beastly Appendage     Tmut           ##....       5%          1    ##.....
b - Spider Form           Tmut/Pois      #.........   24%         3    ####...

Your spell library contained the following spells:

 Spells                   Type           Power        Failure   Level  Hunger
 Sticks to Snakes         Tmut           ##......     9%          2    ###....
 Ice Form                 Ice/Tmut       #.......     75%         4    #####..
 Blade Hands              Tmut           ##........   83%         5    ######.


Dungeon Overview and Level Annotations

Branches:
Dungeon (2/15)

Altars:


Innate Abilities, Weirdness & Mutations

You revert to your normal form in water You are very nimble and swift while swimming.
You are very stealthy in the water. (Stealth+)
You have a pair of horns on your head.


Message History

The adder bites you but does no damage. The bat barely misses you.
The adder bites you.
* * * LOW HITPOINT WARNING * * *
You closely miss the bat. Your headbutt misses the bat.
The bat barely misses you. The adder closely misses you.
You hit the bat.
You kill the bat!
* * * LOW HITPOINT WARNING * * *
You feel sick. The adder bites you.
* * * LOW HITPOINT WARNING * * *
You punch the adder!
The adder is almost dead.
* * * LOW HITPOINT WARNING * * *
You feel sick. The adder bites you.
* * * LOW HITPOINT WARNING * * *
You are more poisoned.
The adder poisons you!
You hit the adder.
You kill the adder!
You die...

.#.##### ##
..()...#...#......
†...(........#...# .
.>.<........ ....## ..
##........## #.... ..#
#.........# #.... ...#
#...........#...##....#
#.#.#.........††......#
##.#.#..........@## .#
...#....#####.##..##...#
........# #.......(...
....... ####.#.#..#..#
†....<. #.#.#..#..#
....... #.#.#.....#
....... #...#.....##
....... ##..#......#
####### #.......#.#


There were no monsters in sight!

Vanquished Creatures
  3 adders (D:2)
  A worm (D:2)
  A leopard gecko (D:2)
  6 giant cockroaches
  5 goblins
  4 hobgoblins
  3 jackals (D:1)
  6 kobolds (D:1)
  A quokka (D:2)
  6 bats
  A frilled lizard (D:1)
  8 rats
45 creatures vanquished.

Notes
Turn   | Place    | Note
-------+----------+-------------------------------------------
     0 | D:1      | Curus the Merfolk Transmuter began the quest for the Orb.
     0 | D:1      | Reached XP level 1. HP: 15/15 MP: 3/3
   217 | D:1      | Reached XP level 2. HP: 19/21 MP: 3/5
   219 | D:1      | Reached skill level 4 in Unarmed Combat
   429 | D:1      | Reached XP level 3. HP: 18/26 MP: 6/6
   523 | D:1      | Learned a level 3 spell: Spider Form
   775 | D:2      | Reached skill level 1 in Poison Magic
   841 | D:2      | Reached XP level 4. HP: 28/32 MP: 7/7
   963 | D:2      | HP: 1/32 [adder (3)]
   964 | D:2      | Succumbed to an adder's poison

Skill      XL: |  1  2  3 |
---------------+----------+-----
Unarmed Combat | 4 |  4.6
Transmutations | 3 |  3.7
Poison Magic   | 1 |  1.8
Fighting       | |  1.1
Dodging        | |  2.6
Spellcasting   | |  2.0

Action                   |  1- 3 |  4- 6 || total
-------------------------+-------+-------++-------
Melee: Unarmed           |   110 |    24 ||   134
       Headbutt          |     7 |     4 ||    11
       Punch             |     4 |       ||     4
 Cast: Beastly Appendage |     7 |     2 ||     9
       Spider Form       |     2 |       ||     2
  Use: Potion            |     6 |     2 ||     8
       Scroll            |     5 |       ||     5
 Stab: Sleeping          |     4 |       ||     4
  Eat: Chunk             |       |     1 ||     1
Armor: Robe              |    23 |     6 ||    29
       Skin              |     1 |       ||     1
Dodge: Dodged            |    78 |    20 ||    98
